[Event "Titled Tuesday Blitz October 12 2021"]
[White "Nakamura, Hikaru"]
[Black "Vokhidov, Shamsiddin"]
[WhiteFideId "2016192"]
[BlackFideId "14204223"]
[WhiteElo "2884"]
[BlackElo "2616"]
[Result "1-0"]
[Round "07"]
[TimeControl "180+1"]
[Date "2021.10.12"]
[WhiteClock "0:00:05"]
[BlackClock "0:00:06"]

1. Nf3 Nf6 2. b3 c5 3. e3 d5 4. Bb2 Nc6 5. d4 cxd4 6. Nxd4 Bg4 7. Nxc6 bxc6 8. Be2 Bxe2 9. Qxe2 g6 10. O-O Bg7 11. c4 O-O 12. Nc3 Qc7 13. Rac1 Qa5 14. Na4 Rac8 15. Bc3 Qa6 16. Nc5 Qa3 17. Na4 Ne4 18. Bxg7 Kxg7 19. Rfd1 Rfd8 20. Qc2 Qb4 21. cxd5 cxd5 22. Qxc8 Rxc8 23. Rxc8 e6 24. Rc2 a5 25. Rdc1 g5 26. Nc5 Nxc5 27. Rxc5 Qd2 28. R5c2 Qd3 29. Rb2 h5 30. Rcb1 g4 31. g3 h4 32. gxh4 Kg6 33. b4 axb4 34. Rxb4 Kh5 35. a4 Kxh4 36. Rb8 Qc3 37. Kg2 Kg5 38. R1b4 f5 39. a5 Qa1 40. R4b6 Qd1 41. Rb1 Qa4 42. R8b5 Kh4 43. Rb8 Qxa5 44. R1b7 Qa4 45. Rg7 Qe4+ 46. Kg1 1-0


[Site "https://www.chess.com"]

[Event "Titled Tuesday Blitz October 12 2021"]
[White "Nogerbek, Kazybek"]
[Black "Korchmar, Vasiliy"]
[WhiteFideId "13710427"]
[BlackFideId "24131750"]
[WhiteElo "2436"]
[BlackElo "2370"]
[Result "1-0"]
[Round "07"]
[TimeControl "180+1"]
[Date "2021.10.12"]
[WhiteClock "0:00:27"]
[BlackClock "0:00:03"]

1. d4 Nf6 2. c4 g6 3. Nc3 Bg7 4. e4 d6 5. Be2 O-O 6. Be3 e5 7. d5 Na6 8. g4 Nc5 9. f3 c6 10. h4 a5 11. h5 a4 12. Qd2 cxd5 13. cxd5 Qa5 14. Nh3 Bd7 15. Rb1 b5 16. Nf2 b4 17. Ncd1 Rfc8 18. Nd3 Ncxe4 19. fxe4 Nxe4 20. Qxb4 Qxd5 21. Bf3 Qxa2 22. Bxe4 Qxb1 23. Nxe5 Qa1 24. Nxd7 a3 25. hxg6 axb2 26. gxf7+ Kxf7 27. Bd5+ Ke8 28. Qe4+ Be5 29. Nxe5 b1=Q 30. Nd3+ Kd8 31. O-O Qxd1 32. Bg5+ Kc7 33. Qe7+ Kb8 34. Qb7# 1-0


[Site "https://www.chess.com"]

[Event "Titled Tuesday Blitz October 12 2021"]
[White "Ozen, Bahadir"]
[Black "Keymer, Vincent"]
[WhiteFideId "6337058"]
[BlackFideId "12940690"]
[WhiteElo "2503"]
[BlackElo "2524"]
[Result "0-1"]
[Round "07"]
[TimeControl "180+1"]
[Date "2021.10.12"]
[WhiteClock "0:00:01"]
[BlackClock "0:00:04"]

1. d4 Nf6 2. Nf3 e6 3. c4 d5 4. Nc3 c6 5. Bg5 h6 6. Bxf6 Qxf6 7. e3 g6 8. Be2 Bg7 9. O-O O-O 10. e4 dxc4 11. e5 Qe7 12. Bxc4 Rd8 13. Qe2 b5 14. Bb3 Nd7 15. Rfd1 Bb7 16. Rac1 c5 17. Nxb5 Bxf3 18. Qxf3 cxd4 19. Nxd4 Nxe5 20. Qe2 Qh4 21. Nc6 Rxd1+ 22. Bxd1 Qg5 23. Rc2 Nxc6 24. Rxc6 Qd5 25. Qf3 Rd8 26. Qxd5 Rxd5 27. Rc8+ Kh7 28. Bc2 Bxb2 29. Rc7 Kg7 30. Kf1 Be5 31. Rc4 h5 32. g3 Bd4 33. Ke2 e5 34. Bb3 Rd7 35. Ba4 Rd6 36. Rc7 Rf6 37. f3 Bg1 38. h3 Bh2 39. g4 e4 40. Rc3 exf3+ 41. Rxf3 Re6+ 42. Kf2 h4 43. Bb3 Bg3+ 44. Kg2 Re2+ 45. Kf1 Re7 46. Kg2 f6 47. Bc4 Re4 48. Bd3 Ra4 49. Bb1 Rd4 50. Rd3 Rc4 51. Rd7+ Kh6 52. Rxa7 Rd4 53. Rf7 Rd2+ 54. Kf3 Rh2 55. a4 Rxh3 56. Ke4 Be5 57. Bd3 Rh1 58. g5+ Kxg5 59. Rg7 Ra1 60. Kd5 Kf4 61. Rxg6 h3 62. Bf5 h2 63. Rh6 Kxf5 64. Rh5+ Kg6 65. Rh3 Rxa4 66. Rh6+ 0-1


[Site "https://www.chess.com"]

[Event "Titled Tuesday Blitz October 12 2021"]
[White "Perez Ponsa, Federico"]
[Black "Perez Gormaz, Matias"]
[WhiteFideId "117927"]
[BlackFideId "3406342"]
[WhiteElo "2672"]
[BlackElo "2352"]
[Result "1-0"]
[Round "07"]
[TimeControl "180+1"]
[Date "2021.10.12"]
[WhiteClock "0:00:21"]
[BlackClock "0:00:02"]

1. e4 c5 2. Nf3 d6 3. d4 cxd4 4. Nxd4 Nf6 5. Nc3 a6 6. a3 g6 7. f3 Bg7 8. Be3 b5 9. Qd2 h5 10. O-O-O Bb7 11. Bd3 Nbd7 12. Rhe1 Rc8 13. Kb1 O-O 14. h3 Ne5 15. g4 Qa5 16. Nd5 Qxd2 17. Nxe7+ Kh7 18. Bxd2 Rce8 19. f4 Nxd3 20. cxd3 Rxe7 21. e5 dxe5 22. Bb4 Rfe8 23. Bxe7 Rxe7 24. fxe5 Nd7 25. gxh5 Nxe5 26. hxg6+ fxg6 27. Re2 Rd7 28. Ne6 Bf3 29. Ng5+ Kh6 30. Nxf3 Nxf3 31. Re4 Nd4 32. Rh4+ Kg5 33. Rh7 Nf5 34. Rg1+ Kf6 35. h4 Rxd3 36. Rc1 Rd6 37. h5 g5 38. Rc7 Re6 39. Rc5 Re7 40. Rc6+ Re6 41. Rxe6+ Kxe6 42. Rxg7 1-0


[Site "https://www.chess.com"]

[Event "Titled Tuesday Blitz October 12 2021"]
[White "Piesik, Piotr"]
[Black "Kozak, Adam"]
[WhiteFideId "1136194"]
[BlackFideId "753246"]
[WhiteElo "2336"]
[BlackElo "2448"]
[Result "0-1"]
[Round "07"]
[TimeControl "180+1"]
[Date "2021.10.12"]
[WhiteClock "0:01:35"]
[BlackClock "0:01:14"]

1. Nf3 Nf6 2. g3 Nc6 3. Bg2 d5 4. O-O e5 5. d3 h5 6. Bg5 Be7 7. Nbd2 Be6 8. e4 Qd7 9. c3 O-O-O 10. Qc2 Kb8 11. b4 dxe4 12. dxe4 Ng8 13. Be3 g5 14. Nxg5 h4 15. Nxe6 Qxe6 16. Nf3 hxg3 17. hxg3 Nf6 18. Rad1 Ng4 19. Rxd8+ Nxd8 20. Qe2 Qg6 21. Rd1 Ne6 22. Rd7 Bd6 23. Bc5 Nxc5 24. bxc5 Bxc5 25. Qc4 Bxf2+ 26. Kf1 Ne3+ 0-1


[Site "https://www.chess.com"]

[Event "Titled Tuesday Blitz October 12 2021"]
[White "Rustemov, Alexander"]
[Black "Gurevich, Dmitry"]
[WhiteFideId "4119002"]
[BlackFideId "2000407"]
[WhiteElo "2804"]
[BlackElo "2506"]
[Result "1/2-1/2"]
[Round "07"]
[TimeControl "180+1"]
[Date "2021.10.12"]
[WhiteClock "0:00:08"]
[BlackClock "0:00:08"]

1. d4 Nf6 2. c4 a6 3. Nc3 c5 4. d5 b5 5. Qc2 d6 6. e4 b4 7. Nce2 g6 8. Ng3 h5 9. Bd3 h4 10. N3e2 h3 11. g3 Bg7 12. Nf3 a5 13. O-O a4 14. Rb1 Nbd7 15. Bd2 Ng4 16. Nf4 Nde5 17. Nxe5 Nxe5 18. Be2 Qb6 19. Qc1 Bg4 20. f3 Bd7 21. Kh1 f5 22. exf5 Bxf5 23. g4 Bxb1 24. Qxb1 a3 25. b3 g5 26. Ng6 Rg8 27. Bxg5 Bf6 28. Bxf6 exf6 29. Nxe5 fxe5 30. Qh7 O-O-O 31. Qxh3 Rh8 32. Qg3 Qc7 33. Bd3 Qe7 34. Bf5+ Kb8 35. g5 Rdg8 36. Rg1 Rh5 37. h4 Rgh8 38. Kg2 Rxh4 39. g6 Qg7 40. Kf1 Rh2 41. Rg2 Rxg2 42. Kxg2 Rh5 43. Be4 Qh6 44. g7 Qd2+ 45. Kg1 Qd1+ 46. Kf2 Qd2+ 47. Kg1 Qd1+ 48. Kf2 Qd2+ 49. Kg1 1/2-1/2


[Site "https://www.chess.com"]

[Event "Titled Tuesday Blitz October 12 2021"]
[White "Salinas Herrera, Pablo"]
[Black "Indjic, Aleksandar"]
[WhiteFideId "3407128"]
[BlackFideId "911925"]
[WhiteElo "2541"]
[BlackElo "2643"]
[Result "0-1"]
[Round "07"]
[TimeControl "180+1"]
[Date "2021.10.12"]
[WhiteClock "0:00:09"]
[BlackClock "0:00:39"]

1. e4 c5 2. Nf3 Nc6 3. Bb5 g6 4. Bxc6 dxc6 5. d3 Bg7 6. h3 e5 7. Nc3 Qe7 8. O-O Nf6 9. Nh2 Nh5 10. Ne2 Be6 11. b3 O-O-O 12. Qe1 Qc7 13. Bd2 Nf4 14. Nxf4 exf4 15. Bc3 f6 16. a4 g5 17. Ba5 b6 18. Bc3 h5 19. a5 Kb7 20. axb6 axb6 21. Ra4 Ra8 22. Rxa8 Rxa8 23. Qe2 Bf7 24. Ra1 Rxa1+ 25. Bxa1 Qb8 26. Nf3 Bh8 27. e5 Qe8 28. Kf1 g4 29. Ng1 f5 30. Bc3 Bg7 31. f3 Be6 32. Qd2 Bh6 33. Qc1 Bd5 34. Qe1 Qe7 35. Qa1 Bg5 36. Qe1 Bh4 37. Qd2 Bg3 38. Bb2 Bh2 39. c4 Be6 40. Ne2 gxf3 41. Nxf4 Qg5 42. Bc1 Bxf4 0-1


[Site "https://www.chess.com"]

[Event "Titled Tuesday Blitz October 12 2021"]
[White "Samsonkin, Artiom"]
[Black "Hansen, Eric"]
[WhiteFideId "13503111"]
[BlackFideId "2606771"]
[WhiteElo "2513"]
[BlackElo "2568"]
[Result "0-1"]
[Round "07"]
[TimeControl "180+1"]
[Date "2021.10.12"]
[WhiteClock "0:00:01"]
[BlackClock "0:00:10"]

1. e4 e5 2. Nf3 Nc6 3. d4 exd4 4. Bc4 Nf6 5. e5 d5 6. Bb5 Ne4 7. Nxd4 Bd7 8. Bxc6 bxc6 9. O-O c5 10. Ne2 d4 11. f3 Ng5 12. f4 Ne4 13. Nd2 Nxd2 14. Bxd2 Bc6 15. f5 Qd7 16. e6 fxe6 17. fxe6 Qxe6 18. Nxd4 cxd4 19. Re1 Be4 20. Qe2 O-O-O 21. Qxe4 Qxe4 22. Rxe4 Bc5 23. Kh1 Rhf8 24. b4 Bb6 25. a4 d3 26. cxd3 Rxd3 27. Bg5 Rf5 28. Bh4 g5 29. Bg3 h5 30. a5 Bd4 31. Rc1 h4 32. Bxc7 Rc3 33. Rd1 Rd3 34. Rc1 Bb2 35. Rb1 Kxc7 36. Rc4+ Kd7 37. g4 Rf2 38. Rc5 Rdd2 0-1


[Site "https://www.chess.com"]

[Event "Titled Tuesday Blitz October 12 2021"]
[White "Siva Mahadevan"]
[Black "Timmermans, Mark"]
[WhiteFideId "25043153"]
[BlackFideId "1026399"]
[WhiteElo "2203"]
[BlackElo "2460"]
[Result "0-1"]
[Round "07"]
[TimeControl "180+1"]
[Date "2021.10.12"]
[WhiteClock "0:00:02"]
[BlackClock "0:00:10"]

1. e4 e5 2. Nf3 Nc6 3. Bb5 f5 4. d4 fxe4 5. Nxe5 Nxe5 6. dxe5 c6 7. Nc3 cxb5 8. Nxe4 d5 9. exd6 Nf6 10. O-O Nxe4 11. Qh5+ g6 12. Qe5+ Kf7 13. Qxh8 Nf6 14. Bh6 Be6 15. Bxf8 Qxf8 16. Qxf8+ Rxf8 17. a4 b4 18. Rad1 Ke8 19. a5 Kd7 20. Rd4 Nd5 21. Rfd1 Re8 22. Kf1 Kc6 23. Rc4+ Kd7 24. Rcd4 Kc6 25. Rc4+ Kxd6 26. Rxb4 Kc6 27. Rc4+ Kb5 28. Rh4 Nf6 29. b3 Bf5 30. Rc4 Kxa5 31. f3 h5 32. Kf2 Kb5 33. Rc7 Kb6 34. Rc4 Re6 35. h3 Ne8 36. g4 hxg4 37. hxg4 Nd6 38. gxf5 gxf5 39. Rcd4 Nb5 40. Rd5 f4 41. R1d3 a5 42. Rf5 Rh6 43. c4 Nc7 44. Rxf4 Na6 45. Rd5 Nc5 46. Rff5 Ne6 47. Rd6+ Kc7 48. Rfd5 Rh2+ 49. Kg3 Re2 50. Rd2 Re3 51. R6d3 Re1 52. Kf2 Rb1 53. Re3 Nc5 54. f4 Nxb3 55. Rd5 a4 56. f5 a3 57. Re7+ Kb8 58. f6 a2 59. f7 Rf1+ 60. Kxf1 a1=Q+ 61. Kg2 Qg7+ 62. Kf3 Qf6+ 63. Ke4 Qxe7+ 0-1


[Site "https://www.chess.com"]

[Event "Titled Tuesday Blitz October 12 2021"]
[White "Sokolovsky, Yahli"]
[Black "Mirzoev, Azer"]
[WhiteFideId "2820242"]
[BlackFideId "13400304"]
[WhiteElo "1770"]
[BlackElo "2525"]
[Result "0-1"]
[Round "07"]
[TimeControl "180+1"]
[Date "2021.10.12"]
[WhiteClock "0:00:00"]
[BlackClock "0:00:35"]

1. b3 d5 2. Bb2 Nf6 3. e3 Bg4 4. Be2 Bxe2 5. Qxe2 Nbd7 6. f4 e6 7. Nf3 Be7 8. O-O O-O 9. d3 c5 10. Nbd2 Qc7 11. Ne5 Nxe5 12. Bxe5 Qc6 13. Nf3 Rad8 14. Bb2 Qc7 15. Qf2 Rfe8 16. Qg3 c4 17. Be5 Qb6 18. Bd4 Qa6 19. Ne5 cxd3 20. cxd3 Bd6 21. Qg5 h6 22. Qg3 Rc8 23. Nf3 Be7 24. Rad1 Rc2 25. Rf2 Qxa2 0-1


[Site "https://www.chess.com"]

[Event "Titled Tuesday Blitz October 12 2021"]
[White "Stoyanov, Tsvetan"]
[Black "Yoo, Christopher Woojin"]
[WhiteFideId "2917173"]
[BlackFideId "30909694"]
[WhiteElo "2191"]
[BlackElo "2105"]
[Result "0-1"]
[Round "07"]
[TimeControl "180+1"]
[Date "2021.10.12"]
[WhiteClock "0:00:10"]
[BlackClock "0:00:09"]

1. b3 Nf6 2. Bb2 g6 3. Nf3 Bg7 4. g3 O-O 5. Bg2 b6 6. O-O Bb7 7. c4 e6 8. Nc3 d5 9. d4 Qe7 10. Rc1 Rd8 11. Qc2 dxc4 12. bxc4 c5 13. dxc5 Qxc5 14. Na4 Qe7 15. Rfd1 Na6 16. Qb3 Rac8 17. Rxd8+ Rxd8 18. Ba3 Qe8 19. Nc3 Ne4 20. Nxe4 Bxe4 21. Qb5 Bh6 22. Qxe8+ Rxe8 23. Rd1 Bf8 24. Bxf8 Kxf8 25. Ne5 Bxg2 26. Kxg2 Nc5 27. Nc6 Ra8 28. Kf3 Ke8 29. Kf4 a6 30. f3 Rc8 31. Nb4 a5 32. Nd3 Nd7 33. Rc1 f6 34. e4 e5+ 35. Ke3 Ke7 36. a4 Kd6 37. Rd1 Ke6 38. Rc1 f5 39. f4 fxe4 40. Kxe4 exf4 41. Nxf4+ Kd6 42. Rd1+ Kc6 43. Nd5 Nc5+ 44. Kf4 Re8 45. Kg5 Nxa4 46. Kh6 Re2 47. h4 Nb2 48. Kxh7 Nxd1 0-1


[Site "https://www.chess.com"]

[Event "Titled Tuesday Blitz October 12 2021"]
[White "Tabatabaei, M. Amin"]
[Black "Van Foreest, Jorden"]
[WhiteFideId "12521213"]
[BlackFideId "1039784"]
[WhiteElo "2555"]
[BlackElo "2600"]
[Result "0-1"]
[Round "07"]
[TimeControl "180+1"]
[Date "2021.10.12"]
[WhiteClock "0:00:02"]
[BlackClock "0:00:17"]

1. b3 a6 2. Bb2 d5 3. e3 Nf6 4. Nf3 Bf5 5. Be2 h6 6. c4 e6 7. O-O Be7 8. cxd5 exd5 9. d3 O-O 10. Re1 c5 11. Nbd2 Nc6 12. d4 Nb4 13. dxc5 Bxc5 14. Rf1 Rc8 15. a3 Nc2 16. Rc1 Bxa3 17. Bxa3 Nxa3 18. Nd4 Bg6 19. b4 Ne4 20. Nxe4 Bxe4 21. f3 Bg6 22. Qb3 Nc4 23. Bxc4 dxc4 24. Rxc4 Rxc4 25. Qxc4 Qe7 26. Re1 Rd8 27. Qc5 Qd7 28. Rc1 Re8 29. Kf2 Qa4 30. Qc3 Qa2+ 31. Kg3 Qd5 32. Kf2 Qe5 33. h3 Bf5 34. Ne2 Qe7 35. Qc5 Qh4+ 36. Kg1 Rc8 37. Qxf5 Rxc1+ 38. Nxc1 Qe1+ 39. Kh2 Qxc1 40. Qe5 Qc6 41. h4 b6 42. e4 Qa8 43. Qd6 a5 44. bxa5 bxa5 45. Qa3 a4 46. Kh3 Qc8+ 47. g4 Qc4 48. Qd6 Qb3 49. Kg3 a3 50. Qd8+ Kh7 51. Qa8 a2 52. Qa5 g6 53. h5 Qb2 54. hxg6+ Kxg6 55. Qf5+ Kg7 56. e5 a1=Q 57. Qf6+ Kg8 58. Qd8+ Kh7 59. Qd3+ Kg7 60. f4 0-1


[Site "https://www.chess.com"]

[Event "Titled Tuesday Blitz October 12 2021"]
[White "Terry, Renato"]
[Black "Shipov, Sergei"]
[WhiteFideId "3803457"]
[BlackFideId "4113624"]
[WhiteElo "2577"]
[BlackElo "2841"]
[Result "1-0"]
[Round "07"]
[TimeControl "180+1"]
[Date "2021.10.12"]
[WhiteClock "0:00:10"]
[BlackClock "0:00:15"]

1. d4 d5 2. Bg5 h6 3. Bh4 c6 4. e3 Qb6 5. b3 e5 6. Nf3 Nd7 7. Be2 Bd6 8. c4 Ne7 9. c5 Qa5+ 10. Nfd2 Nf5 11. Bg3 Nxg3 12. hxg3 Bb8 13. a3 O-O 14. b4 Qd8 15. Nc3 Re8 16. O-O Nf8 17. b5 Bd7 18. Rb1 Qa5 19. Qc2 exd4 20. exd4 Bf5 21. Bd3 Bxd3 22. Qxd3 Ne6 23. Nf3 Bc7 24. Rb3 Rac8 25. Rfb1 Bd8 26. Rb4 Qxa3 27. Ra4 Nxc5 28. dxc5 Qxc5 29. bxc6 bxc6 30. Qd4 Bb6 31. Qxc5 Bxc5 32. Ra6 Re6 33. Na4 Be7 34. Rxa7 c5 35. Re1 c4 36. Rxe6 fxe6 37. Rxe7 c3 38. Nxc3 Rxc3 39. Rxe6 1-0


[Site "https://www.chess.com"]

[Event "Titled Tuesday Blitz October 12 2021"]
[White "Urazayev, Arystanbek"]
[Black "Yeletsky, Ivan"]
[WhiteFideId "13709810"]
[BlackFideId "24180327"]
[WhiteElo "2321"]
[BlackElo "2352"]
[Result "1-0"]
[Round "07"]
[TimeControl "180+1"]
[Date "2021.10.12"]
[WhiteClock "0:00:05"]
[BlackClock "0:00:02"]

1. e4 c5 2. Nf3 e6 3. d4 cxd4 4. Nxd4 a6 5. g3 b5 6. Bg2 Bb7 7. a4 bxa4 8. Rxa4 Nc6 9. Be3 Nxd4 10. Bxd4 Ne7 11. O-O Nc6 12. Bc3 f6 13. e5 fxe5 14. Bxe5 Nxe5 15. Bxb7 Rb8 16. Bxa6 Rxb2 17. Nc3 Bb4 18. Qh5+ Nf7 19. Nd1 Rb1 20. Qb5 Nd6 21. Qd3 Bc5 22. Rh4 Qb6 23. Nc3 Rxf1+ 24. Kxf1 Rf8 25. f3 h6 26. Kg2 Nf5 27. Ra4 Ne3+ 28. Kh3 Rxf3 29. Qe4 Rf5 30. Be2 Ke7 31. Qh4+ Kf7 32. Bh5+ Kg8 33. Ra8+ Kh7 34. Ne4 Qc6 35. Bf3 d5 36. Qd8 Rxf3 37. Ng5+ Kg6 38. Nxf3 e5 39. Qe8+ Kh7 40. Qxc6 1-0


[Site "https://www.chess.com"]

[Event "Titled Tuesday Blitz October 12 2021"]
[White "Warmerdam, Max"]
[Black "Djordjevic, Vuk"]
[WhiteFideId "1048104"]
[BlackFideId "902098"]
[WhiteElo "2537"]
[BlackElo "2463"]
[Result "1-0"]
[Round "07"]
[TimeControl "180+1"]
[Date "2021.10.12"]
[WhiteClock "0:00:53"]
[BlackClock "0:00:02"]

1. e4 e6 2. d4 d5 3. Nc3 Bb4 4. e5 c5 5. a3 Bxc3+ 6. bxc3 Qa5 7. Bd2 Qa4 8. Qg4 Kf8 9. Nf3 Ne7 10. Bd3 c4 11. Be2 Qxc2 12. O-O h6 13. Rac1 Qa4 14. Bd1 Qe8 15. Bc2 Nd7 16. Nh4 f5 17. exf6 Nxf6 18. Qg3 g5 19. Nf3 Nc6 20. h4 g4 21. Ne5 Nxe5 22. Qxe5 Ke7 23. Rce1 Qh5 24. Bf5 Bd7 25. Bf4 Rae8 26. f3 gxf3 27. Rxf3 Kf7 28. Bg5 hxg5 29. Bg4 Qg6 30. Ref1 Kg8 31. Rxf6 Qe4 32. Qxg5+ Kh7 33. Rh6# 1-0


[Site "https://www.chess.com"]

[Event "Titled Tuesday Blitz October 12 2021"]
[White "Yilmaz, Mustafa"]
[Black "Nguyen, Ngoc Truong Son"]
[WhiteFideId "6302718"]
[BlackFideId "12401110"]
[WhiteElo "2518"]
[BlackElo "2596"]
[Result "1-0"]
[Round "07"]
[TimeControl "180+1"]
[Date "2021.10.12"]
[WhiteClock "0:00:16"]
[BlackClock "0:00:03"]

1. d4 Nf6 2. c4 e6 3. Nf3 d5 4. Nc3 dxc4 5. e4 b5 6. e5 Nd5 7. Nxb5 Nb6 8. Be2 Nc6 9. a3 Be7 10. Be3 Na5 11. Qc2 Rb8 12. Nc3 O-O 13. h4 Bb7 14. Ng5 g6 15. Nxh7 Kxh7 16. h5 Rh8 17. hxg6+ Kg7 18. O-O-O fxg6 19. Rh3 Rxh3 20. gxh3 Qf8 21. Bg4 Nb3+ 22. Kb1 Nd5 23. Bxe6 Nxc3+ 24. Qxc3 Bxa3 25. Qxc4 Be4+ 26. Ka2 Bxb2 27. Qxc7+ Kh8 28. Qd6 Qxd6 29. exd6 Bc3 30. Bxb3 Bf5 31. Bf4 Rb6 32. Be5+ Kh7 33. Rc1 Ra6+ 34. Ba4 Rxa4+ 35. Kb3 Rb4+ 36. Kxc3 Rb7 37. Kd2 Bxh3 38. Rh1 1-0


[Site "https://www.chess.com"]

[Event "Titled Tuesday Blitz October 12 2021"]
[White "Zhigalko, Sergei"]
[Black "Khusnutdinov, Rustam"]
[WhiteFideId "13502956"]
[BlackFideId "13701703"]
[WhiteElo "2662"]
[BlackElo "2571"]
[Result "0-1"]
[Round "07"]
[TimeControl "180+1"]
[Date "2021.10.12"]
[WhiteClock "0:00:03"]
[BlackClock "0:00:09"]

1. e4 e5 2. Nf3 Nf6 3. d4 Nxe4 4. Bd3 d5 5. Nxe5 Nd7 6. Nxd7 Bxd7 7. O-O Bd6 8. Nc3 Nxc3 9. bxc3 O-O 10. Qh5 f5 11. Re1 Qf6 12. Qf3 c6 13. Bf4 Rae8 14. h4 Re7 15. Bg5 Rxe1+ 16. Rxe1 Qf7 17. Bf4 Qf6 18. Qg3 Bxf4 19. Qxf4 Qf7 20. Re5 Re8 21. Rxe8+ Qxe8 22. Bxf5 Bxf5 23. Qxf5 Qe1+ 24. Kh2 Qxc3 25. Qc8+ Kf7 26. Qxb7+ Kf6 27. Qxa7 Qxc2 28. Qa3 Ke6 29. Qe3+ Kd7 30. a3 g6 31. Qf4 h5 32. f3 Kc8 33. Qd6 Kb7 34. Qe7+ Ka6 35. Qb4 Qc4 36. Kg3 Qxb4 37. axb4 Kb5 38. Kf4 Kxb4 39. g4 c5 40. gxh5 gxh5 41. dxc5 Kxc5 42. Ke5 d4 43. Ke4 Kc4 44. f4 d3 45. f5 d2 46. f6 d1=Q 47. f7 Qd6 0-1


[Site "https://www.chess.com"]

[Event "Titled Tuesday Blitz October 12 2021"]
[White "Cunha, Lucas Aguiar"]
[Black "Gasanov, Eldar"]
[WhiteFideId "2125404"]
[BlackFideId "14104466"]
[WhiteElo "2361"]
[BlackElo "2454"]
[Result "0-1"]
[Round "08"]
[TimeControl "180+1"]
[Date "2021.10.12"]
[WhiteClock "0:00:10"]
[BlackClock "0:00:37"]

1. e4 c5 2. Nf3 Nc6 3. Nc3 g6 4. d4 cxd4 5. Nxd4 Bg7 6. Nb3 Nf6 7. g4 d5 8. exd5 Nb4 9. Bb5+ Bd7 10. g5 Nh5 11. Be2 Bf5 12. Bb5+ Kf8 13. Bd3 Nxd3+ 14. cxd3 Bxc3+ 15. bxc3 Qxd5 16. Rg1 Bxd3 17. Be3 e5 18. Nc5 Rd8 19. Qb3 Bc4 20. Qxb7 Kg7 21. Qxd5 Rxd5 22. Ne4 Rb8 23. Nd2 Bd3 24. c4 Ra5 25. c5 Rb2 26. a3 Rc2 27. Rg4 Rxa3 28. Rd1 a5 29. f3 Bf5 30. Rc4 Rxe3+ 0-1


[Site "https://www.chess.com"]

[Event "Titled Tuesday Blitz October 12 2021"]
[White "Djordjevic, Vuk"]
[Black "Shipov, Sergei"]
[WhiteFideId "902098"]
[BlackFideId "4113624"]
[WhiteElo "2463"]
[BlackElo "2834"]
[Result "1-0"]
[Round "08"]
[TimeControl "180+1"]
[Date "2021.10.12"]
[WhiteClock "0:02:01"]
[BlackClock "0:00:01"]

1. d4 Nf6 2. Bg5 Ne4 3. Bf4 c5 4. f3 Nf6 5. dxc5 Qa5+ 6. Nc3 Qxc5 7. e4 d6 8. Qd2 Nc6 9. Nge2 g6 10. g4 Bg7 11. h4 h5 12. g5 Nd7 13. Be3 Qa5 14. f4 Nb6 15. Nd4 Qb4 16. a3 Qa5 17. Nxc6 bxc6 18. b4 Nc4 19. bxa5 Nxd2 20. Kxd2 Bg4 21. Rb1 O-O 22. Ba6 c5 23. Nd5 e6 24. Nf6+ Bxf6 25. gxf6 Bf3 26. Rhe1 1-0


[Site "https://www.chess.com"]

[Event "Titled Tuesday Blitz October 12 2021"]
[White "Erdogmus, Yagiz Kaan"]
[Black "Macovei, Andrei"]
[WhiteFideId "44599790"]
[BlackFideId "13904680"]
[WhiteElo "1783"]
[BlackElo "2389"]
[Result "1-0"]
[Round "08"]
[TimeControl "180+1"]
[Date "2021.10.12"]
[WhiteClock "0:01:28"]
[BlackClock "0:01:36"]

1. e4 c5 2. Nf3 d6 3. Bb5+ Nd7 4. a4 Nf6 5. Nc3 g6 6. a5 a6 7. Bc4 Bg7 8. Bxf7+ Kxf7 9. Ng5+ Kg8 10. Ne6 Qe8 11. Nc7 Qd8 12. Nxa8 h5 13. O-O h4 14. h3 g5 15. d3 g4 16. hxg4 h3 17. gxh3 Rxh3 18. Kg2 Ne5 19. f3 Nfxg4 20. fxg4 Bxg4 21. Qxg4 Nxg4 22. Kxh3 Qd7 23. Rf5 e6 24. Nb6 Qe8 25. Rg5 Ne5 26. Bf4 Ng6 27. Be3 Bf6 28. Rxg6+ Qxg6 29. Rg1 1-0


[Site "https://www.chess.com"]

[Event "Titled Tuesday Blitz October 12 2021"]
[White "Ghimpu, Samuel-Timotei"]
[Black "Kovalev, Vladislav"]
[WhiteFideId "1238175"]
[BlackFideId "13504398"]
[WhiteElo "2012"]
[BlackElo "2573"]
[Result "1-0"]
[Round "08"]
[TimeControl "180+1"]
[Date "2021.10.12"]
[WhiteClock "0:00:23"]
[BlackClock "0:00:02"]

1. b3 Nf6 2. Bb2 g6 3. g3 Bg7 4. Bg2 O-O 5. c4 d6 6. d4 e5 7. dxe5 Ng4 8. Nf3 Nxe5 9. Nc3 Nxf3+ 10. Bxf3 Nc6 11. O-O Bh3 12. Re1 Re8 13. Qd2 Qd7 14. Nd5 Ne5 15. Bg2 Bxg2 16. Kxg2 c6 17. Nf4 Rad8 18. Rad1 h5 19. h4 Bh6 20. e3 Qg4 21. Qe2 Qf5 22. Rd4 Ng4 23. Red1 Bg7 24. Rxd6 Rxd6 25. Rxd6 Qe4+ 26. f3 Nxe3+ 27. Kf2 Qb1 28. Bxg7 Ng4+ 29. fxg4 Rxe2+ 30. Nxe2 Kxg7 31. gxh5 Qxa2 32. hxg6 fxg6 33. Rd3 Kf6 34. Ke3 a5 35. Nf4 Kf5 36. Kf3 a4 37. g4+ Kf6 38. bxa4 Qxc4 39. Rd6+ Ke5 40. Re6+ Qxe6 41. Nxe6 Kxe6 42. Ke4 Kf6 43. a5 Ke6 44. Kd4 Kd6 45. Kc4 Ke5 46. Kc5 Kf4 47. h5 gxh5 48. gxh5 Kg5 49. Kb6 Kxh5 50. Kxb7 c5 51. a6 c4 52. a7 c3 53. a8=Q c2 54. Qa1 1-0


[Site "https://www.chess.com"]

[Event "Titled Tuesday Blitz October 12 2021"]
[White "Gurevich, Dmitry"]
[Black "Nagy, Gabor"]
[WhiteFideId "2000407"]
[BlackFideId "737119"]
[WhiteElo "2506"]
[BlackElo "2534"]
[Result "0-1"]
[Round "08"]
[TimeControl "180+1"]
[Date "2021.10.12"]
[WhiteClock "0:00:41"]
[BlackClock "0:01:57"]

1. d4 Nf6 2. c4 g6 3. Nc3 Bg7 4. e4 d6 5. Nf3 O-O 6. Be2 Na6 7. O-O e5 8. Re1 Re8 9. d5 Nc5 10. Qc2 a5 11. Be3 b6 12. Nd2 Ng4 13. Bxg4 Bxg4 14. a3 a4 15. Bxc5 bxc5 16. Nxa4 Bd7 17. Nc3 f5 18. f3 Bh6 19. b4 cxb4 20. axb4 Rxa1 21. Rxa1 Qb8 22. c5 Qxb4 23. c6 Bxc6 24. dxc6 Qd4+ 25. Kh1 Bxd2 26. Rd1 Qxc3 27. Rxd2 Qxc2 28. Rxc2 fxe4 29. fxe4 Rb8 30. g3 Rb4 31. Ra2 Rc4 32. Ra6 Rc2 33. h4 Kf7 34. Kg1 Ke6 35. Kf1 d5 36. exd5+ Kxd5 37. Ra8 Ke4 38. Rf8 Rxc6 39. Rf7 h5 40. Kf2 Rc2+ 41. Kf1 c5 42. Rf6 Ke3 43. Rxg6 e4 44. Rg5 c4 45. Rxh5 c3 46. Rc5 Kf3 47. Rf5+ Kxg3 48. h5 Rd2 0-1


[Site "https://www.chess.com"]

[Event "Titled Tuesday Blitz October 12 2021"]
[White "Hansen, Eric"]
[Black "Lazavik, Denis"]
[WhiteFideId "2606771"]
[BlackFideId "13515110"]
[WhiteElo "2568"]
[BlackElo "2436"]
[Result "1-0"]
[Round "08"]
[TimeControl "180+1"]
[Date "2021.10.12"]
[WhiteClock "0:00:14"]
[BlackClock "0:00:03"]

1. Nf3 d5 2. g3 g6 3. Bg2 Bg7 4. O-O e5 5. d3 Ne7 6. e4 O-O 7. exd5 Nxd5 8. Re1 Nc6 9. Nc3 Nde7 10. Rb1 a5 11. a3 Re8 12. b4 axb4 13. axb4 Nf5 14. Bg5 f6 15. b5 Ncd4 16. Nxd4 Nxd4 17. Be3 Ra3 18. Bxd4 Qxd4 19. Nd5 Qc5 20. d4 Qd6 21. c4 Bf5 22. c5 Qd8 23. Rb3 Rxb3 24. Qxb3 Be6 25. dxe5 fxe5 26. Qf3 Rf8 27. Qe4 Bf5 28. Qe2 Kh8 29. Rd1 c6 30. bxc6 bxc6 31. Nb4 Qa5 32. Qc4 Qa4 33. Rc1 e4 34. Bxe4 Bxe4 35. Qxe4 Qa3 36. Rc2 Qa4 37. Re2 Qa1+ 38. Kg2 Qc3 39. Rc2 Qb3 40. Nxc6 Qb7 41. Re2 Qc7 42. Qd5 Rc8 43. Ne7 Rd8 44. Qc4 Bf8 45. Qg8# 1-0


[Site "https://www.chess.com"]